| TOP OF THE 1ST |
|
San Diego Padres batting - Pitching for Los Angeles Dodgers : RHP Josuke Mizuno
|
|
Pitching: RHP Josuke Mizuno
|
|
|
Batting: RHB Michael Choice
|
SINGLE, rundown, out at 1st!
|
|
Batting: LHB Jeff Young
|
0-0: Called Strike 0-1: SINGLE (Line Drive, 78S, EV 91.9 MPH)
|
|
Batting: LHB Jamal Underwood
|
0-0: Ball Jeff Young steals 2nd base 1-0: Swinging Strike 1-1: Ball 2-1: SINGLE (Line Drive, 9S, EV 108.8 MPH) Jeff Young to third
|
|
Batting: SHB Tim McDaniel
|
0-0: Ball 1-0: Called Strike 1-1: Swinging Strike 1-2: Foul Ball, location: 7LDF 1-2: Strikes out swinging
|
|
Batting: RHB Mike Hollingsworth
|
0-0: Ball 1-0: Called Strike 1-1: Called Strike 1-2: Ball 2-2: Ball 3-2: Base on Balls Jamal Underwood to second
|
|
Batting: RHB Greg Nelson
|
0-0: Called Strike 0-1: Foul Ball, location: 5SF 0-2: Foul Ball, location: 9LSF 0-2: Ball 1-2: Ball 2-2: DOUBLE (Line Drive, 9LD, EV 103.8 MPH) Jeff Young scores Jamal Underwood scores Mike Hollingsworth to third
|
|
Batting: LHB Jonathan Arauz
|
0-0: Foul Ball, location: 23FF 0-1: Ball 1-1: Ball 2-1: Ball 3-1: SINGLE (Line Drive, 5D, EV 105.6 MPH) Mike Hollingsworth scores Greg Nelson to third Runner from 3rd tries for Home, SAFE, throw by LF to home
|
|
Batting: RHB Tony López
|
0-0: Ball 1-0: Foul Ball, location: 9LMF 1-1: Ball 2-1: Foul Ball, location: 2LF 2-2: Strikes out looking
|
| Top of the 1st over - 4 runs, 5 hits, 0 errors, 1 left on base; San Diego 4 - Los Angeles 0 |
| BOTTOM OF THE 1ST |
|
Los Angeles Dodgers batting - Pitching for San Diego Padres : RHP Wing-chiu Chin
|
|
Pitching: RHP Wing-chiu Chin
|
|
|
Batting: LHB Todd McDonald
|
0-0: Swinging Strike 0-1: Ball 1-1: Ball 2-1: Called Strike 2-2: Strikes out swinging
|
|
Batting: RHB Dan Fletcher
|
0-0: Called Strike 0-1: Fly out, F8 (Flyball, 8LM, EV 84.4 MPH)
|
|
Batting: LHB Juan Mendoza
|
0-0: Called Strike 0-1: SINGLE (Groundball, 4D, EV 99.4 MPH) (infield hit)
|
|
Batting: SHB José Rodríguez
|
0-0: Foul Ball, location: 7LMF 0-1: Called Strike 0-2: Fly out, F8 (Flyball, 8LXD, EV 91.3 MPH)
|
| Bottom of the 1st over - 0 runs, 1 hit, 0 errors, 1 left on base; San Diego 4 - Los Angeles 0 |
| TOP OF THE 2ND |
|
San Diego Padres batting - Pitching for Los Angeles Dodgers : RHP Josuke Mizuno
|
|
Batting: RHB Jorge Gordon
|
0-0: Foul Ball, location: 5F 0-1: Ball 1-1: Called Strike 1-2: Fly out, F7 (Flyball, 7, EV 90.6 MPH)
|
|
Batting: RHB Michael Choice
|
0-0: Foul Ball, location: 2F 0-1: Foul Ball, location: 7LSF 0-2: Strikes out swinging
|
|
Batting: LHB Jeff Young
|
0-0: Called Strike 0-1: Called Strike 0-2: Strikes out swinging
|
| Top of the 2nd over - 0 runs, 0 hits, 0 errors, 0 left on base; San Diego 4 - Los Angeles 0 |
| BOTTOM OF THE 2ND |
|
Los Angeles Dodgers batting - Pitching for San Diego Padres : RHP Wing-chiu Chin
|
|
Batting: RHB Nick Castellanos
|
0-0: Swinging Strike 0-1: Ball 1-1: Ball 2-1: Foul Ball, location: 2F 2-2: Ball 3-2: SINGLE (Line Drive, 89S, EV 105.0 MPH)
|
|
Batting: LHB Luis Torrealba
|
0-0: Ball 1-0: Swinging Strike 1-1: Grounds into double play, 6-4-3 (Groundball, 6, EV 86.9 MPH)
|
|
Batting: RHB Mike Garland
|
0-0: Fly out, F9 (Flyball, 9D, EV 107.5 MPH)
|
| Bottom of the 2nd over - 0 runs, 1 hit, 0 errors, 0 left on base; San Diego 4 - Los Angeles 0 |
| TOP OF THE 3RD |
|
San Diego Padres batting - Pitching for Los Angeles Dodgers : RHP Josuke Mizuno
|
|
Batting: LHB Jamal Underwood
|
0-0: Swinging Strike 0-1: Swinging Strike 0-2: Ball 1-2: Strikes out swinging
|
|
Batting: SHB Tim McDaniel
|
0-0: Ball 1-0: Ball 2-0: Ball 3-0: Base on Balls
|
|
Batting: RHB Mike Hollingsworth
|
0-0: Ball 1-0: DOUBLE (Flyball, 78D, EV 104.4 MPH) Tim McDaniel to third Runner from 3rd tries for Home, SAFE, no throw by CF
|
|
Pitching: RHP Brad Gray
|
|
|
Batting: RHB Greg Nelson
|
0-0: Ball 1-0: Foul Ball, location: 9LMF 1-1: Foul Ball, location: 9LDF 1-2: Foul Ball, location: 2RF 1-2: Ground out 6-3 (Groundball, 6, EV 86.3 MPH)
|
|
Batting: LHB Jonathan Arauz
|
0-0: Called Strike 0-1: Ball 1-1: Foul Ball, location: 9LSFF 1-2: SINGLE (Groundball, 4MD, EV 94.4 MPH) Mike Hollingsworth to third Runner from 3rd tries for Home, SAFE, throw by CF to home
|
|
Batting: RHB Tony López
|
0-0: Called Strike 0-1: SINGLE (Line Drive, 3D, EV 101.9 MPH) Jonathan Arauz to second
|
|
Batting: RHB Jorge Gordon
|
0-0: Ball 1-0: Ball 2-0: Fly out, F4 (Line Drive, 4D, EV 64.4 MPH)
|
| Top of the 3rd over - 2 runs, 3 hits, 0 errors, 2 left on base; San Diego 6 - Los Angeles 0 |
| BOTTOM OF THE 3RD |
|
Los Angeles Dodgers batting - Pitching for San Diego Padres : RHP Wing-chiu Chin
|
|
Batting: SHB Jose Herrera
|
0-0: Ball 1-0: Ball 2-0: Ball 3-0: Called Strike 3-1: SINGLE (Groundball, 34D, EV 108.8 MPH)
|
|
Batting: RHB Josh Moore
|
0-0: Ball 1-0: Swinging Strike 1-1: Foul Ball, location: 2F 1-2: Ball 2-2: Foul Ball, location: 5F 2-2: Strikes out swinging
|
|
Batting: LHB Todd McDonald
|
0-0: Ball 1-0: SINGLE (Line Drive, 9S, EV 109.4 MPH) Jose Herrera to second
|
|
Batting: RHB Dan Fletcher
|
0-0: Ball 1-0: Foul Ball, location: 3F 1-1: Grounds into double play, 6-4-3 (Groundball, 6, EV 105.0 MPH)
|
| Bottom of the 3rd over - 0 runs, 2 hits, 0 errors, 1 left on base; San Diego 6 - Los Angeles 0 |
| TOP OF THE 4TH |
|
San Diego Padres batting - Pitching for Los Angeles Dodgers : RHP Brad Gray
|
|
Batting: RHB Michael Choice
|
0-0: Swinging Strike 0-1: Foul Ball, location: 7LSF 0-2: Strikes out swinging
|
|
Batting: LHB Jeff Young
|
0-0: SINGLE (Groundball, 4MD, EV 110.6 MPH)
|
|
Batting: LHB Jamal Underwood
|
0-0: Foul Ball, location: 7LSF 0-1: Ball 1-1: Foul Ball, location: 3SF 1-2: Grounds into double play, 4-6-3 (Groundball, 4, EV 105.0 MPH)
|
| Top of the 4th over - 0 runs, 1 hit, 0 errors, 0 left on base; San Diego 6 - Los Angeles 0 |
| BOTTOM OF THE 4TH |
|
Los Angeles Dodgers batting - Pitching for San Diego Padres : RHP Wing-chiu Chin
|
|
Batting: LHB Juan Mendoza
|
0-0: Called Strike 0-1: Foul Ball, location: 2F 0-2: Ball 1-2: Strikes out looking
|
|
Batting: SHB José Rodríguez
|
0-0: Called Strike 0-1: Ball 1-1: Ball 2-1: Foul Ball, location: 2F 2-2: Ground out 4-3 (Groundball, 4, EV 102.5 MPH)
|
|
Batting: RHB Nick Castellanos
|
0-0: Called Strike 0-1: Ball 1-1: Ball 2-1: Fly out, F9 (Flyball, 9LSF, EV 93.8 MPH)
|
| Bottom of the 4th over - 0 runs, 0 hits, 0 errors, 0 left on base; San Diego 6 - Los Angeles 0 |
| TOP OF THE 5TH |
|
San Diego Padres batting - Pitching for Los Angeles Dodgers : RHP Brad Gray
|
|
Batting: SHB Tim McDaniel
|
0-0: SINGLE (Line Drive, 8RS, EV 105.6 MPH)
|
|
Batting: RHB Mike Hollingsworth
|
0-0: Foul Ball, location: 7LMF 0-1: Ball 1-1: Called Strike 1-2: Ball 2-2: Ball 3-2: Foul Ball, location: 9LMF 3-2: Fly out, F5 (Line Drive, 56, EV 68.1 MPH)
|
|
Batting: RHB Greg Nelson
|
0-0: Ball 1-0: Called Strike 1-1: Ball 2-1: Ball 3-1: Swinging Strike 3-2: Base on Balls Tim McDaniel to second
|
|
Batting: LHB Jonathan Arauz
|
0-0: Called Strike 0-1: Fielders Choice at 2nd, 3-6 (Groundball, 3, EV 83.8 MPH) Tim McDaniel to third
|
|
Batting: RHB Tony López
|
0-0: Ball 1-0: Ball 2-0: Ball 3-0: Base on Balls Jonathan Arauz to second
|
|
Batting: RHB Jorge Gordon
|
0-0: Called Strike 0-1: Ball 1-1: Foul Ball, location: 2F 1-2: Ball 2-2: Fielders Choice at 2nd, 6-4 (Groundball, 6, EV 84.4 MPH)
|
| Top of the 5th over - 0 runs, 1 hit, 0 errors, 3 left on base; San Diego 6 - Los Angeles 0 |
| BOTTOM OF THE 5TH |
|
Los Angeles Dodgers batting - Pitching for San Diego Padres : RHP Wing-chiu Chin
|
|
Batting: LHB Luis Torrealba
|
0-0: Fly out, F6 (Flyball, 56D, EV 94.4 MPH)
|
|
Batting: RHB Mike Garland
|
0-0: Ball 1-0: SINGLE (Line Drive, 8RS, EV 90.0 MPH)
|
|
Batting: SHB Jose Herrera
|
0-0: 2-RUN HOME RUN (Flyball, 8LXD, EV 100.0 MPH), Distance : 406 ft
|
|
Batting: RHB Josh Moore
|
0-0: Called Strike 0-1: Foul Ball, location: 2F 0-2: Ball 1-2: Ball 2-2: Ball 3-2: Ground out 1-3 (Groundball, 15S, EV 71.3 MPH)
|
|
Batting: LHB Todd McDonald
|
0-0: Foul Ball, location: 5SF 0-1: Called Strike 0-2: Ball 1-2: Strikes out swinging
|
| Bottom of the 5th over - 2 runs, 2 hits, 0 errors, 0 left on base; San Diego 6 - Los Angeles 2 |
| TOP OF THE 6TH |
|
San Diego Padres batting - Pitching for Los Angeles Dodgers : RHP Brad Gray
|
|
Batting: RHB Michael Choice
|
0-0: Ground out 4-3 (Groundball, 4, EV 83.8 MPH)
|
|
Batting: LHB Jeff Young
|
0-0: Ball 1-0: Ball 2-0: Fly out, F5 (Line Drive, 56, EV 70.0 MPH)
|
|
Batting: LHB Jamal Underwood
|
0-0: Ball 1-0: DOUBLE (Groundball, 3L, EV 97.5 MPH)
|
|
Batting: SHB Tim McDaniel
|
0-0: Intentional Walk
|
|
Pitching: RHP Bob Vaughn
|
|
|
Batting: RHB Mike Hollingsworth
|
0-0: Foul Ball, location: 7LMF 0-1: Foul Ball, location: 9LDF 0-2: Strikes out swinging
|
| Top of the 6th over - 0 runs, 1 hit, 0 errors, 2 left on base; San Diego 6 - Los Angeles 2 |
| BOTTOM OF THE 6TH |
|
Los Angeles Dodgers batting - Pitching for San Diego Padres : RHP Wing-chiu Chin
|
|
Batting: RHB Dan Fletcher
|
0-0: Swinging Strike 0-1: Ball 1-1: SOLO HOME RUN (Flyball, 89XD, EV 100.6 MPH), Distance : 391 ft
|
|
Batting: LHB Juan Mendoza
|
0-0: Foul Ball, location: 5F 0-1: Swinging Strike 0-2: Ball 1-2: Foul Ball, location: 2F 1-2: Ball 2-2: Ball 3-2: Foul Ball, location: 3DF 3-2: Base on Balls
|
|
Batting: SHB José Rodríguez
|
0-0: Ball 1-0: Fly out, F8 (Flyball, 89S, EV 87.5 MPH)
|
|
Batting: RHB Nick Castellanos
|
0-0: Swinging Strike 0-1: Swinging Strike 0-2: Ball 1-2: Ball 2-2: Strikes out swinging
|
|
Batting: LHB Luis Torrealba
|
0-0: Ball 1-0: Fielders Choice at 2nd, 6-4 (Groundball, 6, EV 88.1 MPH)
|
| Bottom of the 6th over - 1 run, 1 hit, 0 errors, 1 left on base; San Diego 6 - Los Angeles 3 |
| TOP OF THE 7TH |
|
San Diego Padres batting - Pitching for Los Angeles Dodgers : RHP Bob Vaughn
|
|
Batting: RHB Greg Nelson
|
0-0: Ball 1-0: Ball 2-0: Foul Ball, location: 2F 2-1: SINGLE (Groundball, 4MS, EV 69.4 MPH) (infield hit)
|
|
Batting: LHB Jonathan Arauz
|
0-0: Called Strike Greg Nelson steals 2nd base 0-1: Called Strike 0-2: Strikes out swinging
|
|
Batting: RHB Tony López
|
0-0: Ball 1-0: Called Strike 1-1: TRIPLE (Flyball, 78XD, EV 101.3 MPH) Greg Nelson scores
|
|
Batting: RHB Jorge Gordon
|
0-0: Called Strike 0-1: Ball 1-1: Swinging Strike 1-2: Ball 2-2: Fly out, F4 (Popup, 4M, EV 68.1 MPH)
|
|
Batting: RHB Michael Choice
|
0-0: SINGLE (Groundball, 34D, EV 99.4 MPH) Tony López scores
|
|
Batting: LHB Jeff Young
|
0-0: Called Strike 0-1: Fly out, F8 (Flyball, 78M, EV 79.4 MPH)
|
| Top of the 7th over - 2 runs, 3 hits, 0 errors, 1 left on base; San Diego 8 - Los Angeles 3 |
| BOTTOM OF THE 7TH |
|
Los Angeles Dodgers batting - Pitching for San Diego Padres : RHP Wing-chiu Chin
|
|
Batting: RHB Mike Garland
|
0-0: Ball 1-0: Fly out, F9 (Flyball, 9, EV 93.1 MPH)
|
|
Batting: SHB Jose Herrera
|
0-0: Foul Ball, location: 2F 0-1: Ball 1-1: Foul Ball, location: 7LMF 1-2: Ball 2-2: Ball 3-2: Strikes out swinging, 2-3 out at first.
|
|
Batting: RHB Josh Moore
|
0-0: Ball 1-0: Ground out 6-3 (Groundball, 6, EV 84.4 MPH)
|
| Bottom of the 7th over - 0 runs, 0 hits, 0 errors, 0 left on base; San Diego 8 - Los Angeles 3 |
| TOP OF THE 8TH |
|
San Diego Padres batting - Pitching for Los Angeles Dodgers : RHP Bob Vaughn
|
|
Batting: LHB Jamal Underwood
|
0-0: Ball 1-0: Ball 2-0: SINGLE (Groundball, 5, EV 98.1 MPH)
|
|
Batting: SHB Tim McDaniel
|
0-0: Ball Jamal Underwood steals 2nd base 1-0: Intentional Walk
|
|
Batting: RHB Mike Hollingsworth
|
0-0: Fly out, F8 (Flyball, 8LS, EV 83.8 MPH)
|
|
Batting: RHB Greg Nelson
|
0-0: Ball 1-0: Foul Ball, location: 9LDF 1-1: Foul Ball, location: 9LMF 1-2: SINGLE (Groundball, 4MD, EV 97.5 MPH) Jamal Underwood to third Tim McDaniel to second Runner from 3rd tries for Home, SAFE, throw by CF to home Tim McDaniel to third Greg Nelson to second
|
|
Pitching: RHP Luis Ramírez
|
|
|
Batting: LHB Jonathan Arauz
|
0-0: Called Strike 0-1: Swinging Strike 0-2: Ball 1-2: Strikes out looking
|
|
Batting: RHB Tony López
|
0-0: SINGLE (Line Drive, 8RS, EV 91.3 MPH) Tim McDaniel scores Greg Nelson to third Runner from 3rd tries for Home, SAFE, throw by CF to home
|
|
Batting: RHB Jorge Gordon
|
0-0: Ball 1-0: Swinging Strike 1-1: Ball 2-1: Called Strike 2-2: Ball 3-2: Foul Ball, location: 9LDF 3-2: Foul Ball, location: 3F 3-2: 2-RUN HOME RUN (Flyball, 78XD, EV 110.6 MPH), Distance : 412 ft
|
|
Batting: RHB Michael Choice
|
0-0: Foul Ball, location: 9LDF 0-1: Foul Ball, location: 5F 0-2: Foul Ball, location: 9LDF 0-2: Ball 1-2: Ball 2-2: Ground out 4-3 (Groundball, 4, EV 81.3 MPH)
|
| Top of the 8th over - 5 runs, 4 hits, 0 errors, 0 left on base; San Diego 13 - Los Angeles 3 |
| BOTTOM OF THE 8TH |
|
Los Angeles Dodgers batting - Pitching for San Diego Padres : RHP Wing-chiu Chin
|
|
Pitching: RHP Craig Kimbrel
|
|
|
Batting: LHB Todd McDonald
|
0-0: Ball 1-0: Called Strike 1-1: Ball 2-1: Ball 3-1: Foul Ball, location: 9LDF 3-2: DOUBLE (Flyball, 78D, EV 105.0 MPH)
|
|
Batting: RHB Dan Fletcher
|
0-0: Ball 1-0: Fly out, F3 (Popup, 34S, EV 72.5 MPH)
|
|
Batting: LHB Juan Mendoza
|
0-0: Ball 1-0: Fly out, F4 (Popup, 3DF, EV 57.5 MPH)
|
|
Batting: SHB José Rodríguez
|
0-0: Ball 1-0: Ball 2-0: Foul Ball, location: 2F 2-1: Foul Ball, location: 5DF 2-2: DOUBLE (Flyball, 8LXD, EV 108.1 MPH) Todd McDonald scores
|
|
Batting: RHB Nick Castellanos
|
0-0: Called Strike 0-1: Called Strike 0-2: Ball 1-2: Ball 2-2: Ball 3-2: Strikes out swinging, 2-3 out at first.
|
| Bottom of the 8th over - 1 run, 2 hits, 0 errors, 1 left on base; San Diego 13 - Los Angeles 4 |
| TOP OF THE 9TH |
|
San Diego Padres batting - Pitching for Los Angeles Dodgers : RHP Luis Ramírez
|
|
Batting: LHB Jeff Young
|
0-0: Foul Ball, location: 5F 0-1: Called Strike 0-2: Ground out 5-3 (Groundball, 56, EV 87.5 MPH)
|
|
Batting: LHB Jamal Underwood
|
0-0: Swinging Strike 0-1: Swinging Strike 0-2: Ball 1-2: Foul Ball, location: 25FF 1-2: Strikes out swinging
|
|
Batting: SHB Tim McDaniel
|
0-0: SINGLE (Groundball, 4S, EV 73.1 MPH) (infield hit)
|
|
Batting: RHB Mike Hollingsworth
|
0-0: Foul Ball, location: 3FF 0-1: Foul Ball, location: 9LSF 0-2: Ball 1-2: Strikes out swinging
|
| Top of the 9th over - 0 runs, 1 hit, 0 errors, 1 left on base; San Diego 13 - Los Angeles 4 |
| BOTTOM OF THE 9TH |
|
Los Angeles Dodgers batting - Pitching for San Diego Padres : RHP Craig Kimbrel
|
|
Pitching: RHP Steve Huff
|
|
|
Batting: LHB Luis Torrealba
|
0-0: Called Strike 0-1: Ball 1-1: Ball 2-1: Ball 3-1: SOLO HOME RUN (Flyball, 7D, EV 93.1 MPH), Distance : 364 ft
|
|
Batting: RHB Mike Garland
|
0-0: Called Strike 0-1: Ground out 6-3 (Groundball, 6, EV 93.1 MPH)
|
|
Batting: SHB Jose Herrera
|
0-0: Foul Ball, location: 2F 0-1: Fly out, F8 (Line Drive, 8LS, EV 90.6 MPH)
|
|
Batting: RHB Josh Moore
|
0-0: Foul Ball, location: 5FF 0-1: Ball 1-1: Ball 2-1: Called Strike 2-2: Ball 3-2: Base on Balls
|
|
Batting: LHB Todd McDonald
|
0-0: Called Strike 0-1: SINGLE (Line Drive, 8LS, EV 90.0 MPH) Josh Moore to second
|
|
Batting: RHB Dan Fletcher
|
0-0: Called Strike 0-1: Swinging Strike 0-2: Ball 1-2: Foul Ball, location: 5FF 1-2: Ground out U3 (Groundball, 34S, EV 83.1 MPH)
|
| Bottom of the 9th over - 1 run, 2 hits, 0 errors, 2 left on base; San Diego 13 - Los Angeles 5 |
|